 Dungeon Crawl Stone Soup version 0.29.1-1-gd02db6906a (webtiles) character file.

Game seed: 10882288400217254318

67 Gabide the Grave Robber (level 4, -1/31 HPs)
             Began as a Mummy Necromancer on Oct 7, 2022.
             Slain by Sigmund
             ... wielding a +0 scythe
              (11 damage)
             ... on level 2 of the Dungeon.
             The game lasted 00:03:17 (2121 turns).

Gabide the Grave Robber (Mummy Necromancer)         Turns: 2121, Time: 00:03:17

Health: -1/31      AC:  2    Str: 11    XL:     4   Next: 0%
Magic:  0/8        EV: 12    Int: 16    God:
Gold:   56         SH:  0    Dex: 12    Spells: 5/9 levels left

rFire   x . .      SeeInvis .   f - +0 whip (drain)
rCold   + . .      Faith    .   (no shield)
rNeg    + + +      Spirit   .   a - +0 robe
rPois   ∞          Reflect  .   (no helmet)
rElec   .          Harm     .   (no cloak)
rCorr   .          Rampage  .   (no gloves)
Will    .....                   (no boots)
Stlth   ++........              (no amulet)
HPRegen 0.10/turn               (no ring)
MPRegen 0.11/turn               (no ring)

@: very slightly contaminated
A: cold resistance 1, negative energy resistance 3, torment resistance 2, heat
vulnerability 1, in touch with death 1, no potions
a: no special abilities


You were on level 2 of the Dungeon.
You visited 1 branch of the dungeon, and saw 2 of its levels.

You collected 56 gold pieces.

Inventory:

Hand Weapons
 f - a +0 whip of draining (weapon)
Missiles
 c - 3 poisoned darts
 e - 2 boomerangs
Armour
 a - a +0 robe (worn)
Magical Staves
 h - a staff of cold
Scrolls
 b - a scroll of vulnerability
 d - 2 scrolls of identify
 g - 2 scrolls of immolation


   Skills:
 + Level 0.4 Fighting
 + Level 0.6 Maces & Flails
 + Level 1.8 Dodging
 + Level 1.9 Stealth
 - Level 3.0 Spellcasting
 - Level 5.0 Necromancy


You had 5 spell levels left.
You knew the following spells:

 Your Spells              Type           Power      Damage    Failure   Level
a - Necrotise             Necr           100%       1d9       2%          1
b - Vampiric Draining     Necr           27%        2d7       7%          3

Your spell library contained the following spells:

 Spells                   Type           Power      Damage    Failure   Level
 Sting                    Tmut/Pois      8%         1d3       19%         1
 Animate Dead             Necr           27%        N/A       24%         4
 Poisonous Vapours        Pois/Air       4%         N/A       28%         2
 Agony                    Necr           27%        N/A       54%         5
 Olgreb's Toxic Radiance  Pois           2%         N/A       88%         4


Dungeon Overview and Level Annotations

Branches:
Dungeon (2/15)

Altars:

Annotations:
D:2 Sigmund


Innate Abilities, Weirdness & Mutations

You are immune to poison.
Your flesh is cold resistant. (rC+)
You are immune to negative energy. (rN+++)
You are immune to unholy pain and torment.
You are vulnerable to heat. (rF-)
You are in touch with the powers of death.
You do not drink.


Message History

You can't drink.
You see here an adder corpse.
Sigmund gestures at you while chanting. The magic dart hits you.
You bump into the stone wall.
Sigmund hits you from afar with a +0 scythe!
You see here an adder corpse.
You feel less confused.
Sigmund points at you and mumbles some strange words.
The magic dart hits you! Sigmund barely misses you.
Casting: Necrotise (safe; 2% risk of failure)
Confirm with . or Enter, or press ? or * to list all spells.
The spell is quite dangerous to miscast (7% risk of failure)!
Continue anyway?
Aiming: Vampiric Draining (quite dangerous; 7% risk of failure)
Press: ? - help, Shift-Dir - straight line, f/p - Sigmund
Aim: Sigmund, wielding a +0 scythe and wearing a +0 robe (moderately wounded)
You feel a surge of power!
You miscast Vampiric Draining.
You are very lightly contaminated with residual magic.
Nothing appears to happen.
Sigmund closely misses you.
Unknown command.
Aiming: Necrotise (safe; 2% risk of failure)
Press: ? - help, Q - select action, (/) - cycle Shift-Dir - straight line, f/p - Sigmund
Aim: Sigmund, wielding a +0 scythe and wearing a +0 robe (moderately wounded, chance to affect: 88%)
You feel a surge of power!
Sigmund writhes in agony.
Unknown command.
Okay, then.
Unknown command.
What are your orders? t - Shout!
Orders for allies: a - Attack new target. p - Attack previous target. r - Retreat! s - Stop attacking. g - Guard the area. f - Follow me.
Anything else - Cancel.
Okay, then.
Okay, then.
You barely miss Sigmund.
Sigmund is heavily wounded.
Sigmund hits you with a +0 scythe!
You die...

##.#
#..##...#....####...
...# #.# #...#....#
#### #.###..##....#
#......###.....
#.....## #...#..
#...### #...#...
#.#### ##..# ..
#....#### #..# ##.
#...†@@.# ##.. ..
#.........#
#..........#
#.###†####..# #.#
#). .# #.# #...
#...# #. #....#...#
#........## #....#


You could see Sigmund.

Vanquished Creatures
  2 adders (D:2)
  A dart slug (D:1)
  5 ball pythons
  4 endoplasms
  A giant cockroach (D:2)
  7 hobgoblins
  4 quokkas (D:1)
  5 bats
  A frilled lizard (D:2)
  2 goblins (D:1)
  5 kobolds
  2 rats
39 creatures vanquished.

Vanquished Creatures (collateral kills)
  A dart slug (D:2)
  A frilled lizard (D:2)
  A rat (D:1)
3 creatures vanquished.

Grand Total: 42 creatures vanquished

Notes
Turn   | Place    | Note
-------+----------+-------------------------------------------
     0 | D:1      | Gabide the Mummy Necromancer began the quest for the Orb.
     0 | D:1      | Reached XP level 1. HP: 13/13 MP: 4/4
   383 | D:1      | Reached XP level 2. HP: 19/19 MP: 1/5
   986 | D:1      | Found a faded altar of an unknown god.
  1474 | D:2      | Noticed Sigmund
  1691 | D:2      | Gained mutation: You are in touch with the powers of death.
                  | [Mummy growth]
  1691 | D:2      | Reached XP level 3. HP: 24/24 MP: 5/7
  1753 | D:2      | Learned a level 3 spell: Vampiric Draining
  1782 | D:2      | Reached skill level 5 in Necromancy
  2069 | D:2      | Reached XP level 4. HP: 31/31 MP: 1/8
  2121 | D:2      | Slain by Sigmund

Illustrated notes

Levels and vault maps discovered:
D:1:      minmay_arrival_nine_rooms, layout_basic,
          ebering_ecumenical_altar_abandoned
D:2:      minmay_recursive_quarters, layout_basic, kennysheep_boxes,
          uniq_sigmund

Skill      XL: |  1  2  3 |
---------------+----------+-----
Necromancy     | 5 |  5.0
Spellcasting   | 3 |  3.0
Fighting       | |  0.4
Maces & Flails | |  0.6
Dodging        | |  1.8
Stealth        | |  1.9

Action                   |  1- 3 |  4- 6 || total
-------------------------+-------+-------++-------
Melee: Unarmed           |     5 |       ||     5
       Whip              |     8 |     1 ||     9
       Punch             |     1 |       ||     1
 Cast: Necrotise         |    68 |     3 ||    71
  Use: Scroll            |     5 |       ||     5
Armor: Robe              |     2 |       ||     2
Dodge: Dodged            |    16 |     2 ||    18
